Map: Oxide LE

Players

TerraN

  • Race: Terran Terran

Erik - Winner!

  • Race: Zerg Zerg

Event: DreamHack SC2 Masters 2021 Fall

VOD

Have the link to the VOD?

Description

Time

  • Played on: July 28, 2021, 6:01 p.m.
  • Length: 15:50

All games in this series

Show
View Real Time Build Order
Export as new Build Order

TerraN Terran 

Build Orders: Reaper Expand, Hellion Banshee 

Get SALT Encoding   

  12  0:00  SCV  
  13  0:12  SCV  
  14  0:17  Supply Depot  
  14  0:24  SCV  
  15  0:38  SCV  
  15  0:40  Barracks  
  16  0:43  Refinery  
  16  0:51  SCV  
  17  1:03  SCV  
  18  1:15  SCV  
  19  1:27  Reaper, Orbital Command  
  20  1:39  Command Center  
  20  1:48  Supply Depot  
  20  1:54  SCV  
  21  1:59  Marine  
  22  2:07  SCV  
  23  2:13  Factory  
  23  2:19  SCV  
  24  2:22  Barracks Reactor  
  24  2:31  SCV  
  25  2:41  Command Center  
  25  2:47  SCV  
  25  2:51  Refinery  
  26  2:53  Orbital Command  
  26  2:59  SCV  
  27  3:05  Starport  
  27  3:11  SCV  
  28  3:13  Barracks Tech Lab  
  32  3:20  Hellion x2  
  32  3:24  SCV  
  32  3:25  SCV  
  34  3:36  SCV  
  34  3:37  SCV  
  34  3:41  Hellion x2  
  41  3:48  SCV  
  41  3:49  SCV, Banshee  
  41  3:54  Orbital Command  
  45  3:56  Cloaking Field  
  45  4:01  SCV  
  46  4:04  Hellion x2  
  46  4:08  SCV  
  51  4:13  Supply Depot  
  51  4:15  Barracks Tech Lab  
  51  4:17  SCV  
  51  4:23  SCV  
  53  4:25  SCV  
  54  4:33  Banshee, Barracks x2  
  54  4:36  Factory Reactor  
  57  4:38  SCV  
  57  4:40  Marine  
  57  4:45  Stimpack  
  59  4:46  SCV  
  59  4:47  SCV  
  59  4:51  Supply Depot  
  61  4:57  Supply Depot, SCV  
  61  4:58  Marine  
  63  5:01  SCV  
  63  5:05  SCV  
  65  5:11  SCV  
  65  5:13  SCV  
  67  5:16  Engineering Bay  
  67  5:17  Marine  
  67  5:18  Refinery  
  67  5:19  Refinery, Engineering Bay  
  67  5:21  Marine x2  
  70  5:27  Supply Depot, Starport Reactor  
  70  5:28  Supply Depot, SCV x3  
  73  5:29  Marine x2  
  73  5:30  Barracks  
  73  5:32  Siege Tank  
  78  5:38  Marine  
  78  5:40  SCV x2  
  78  5:42  SCV  
  82  5:49  Marine x2  
  84  5:52  SCV x2  
  84  5:55  Barracks  
  79  6:06  Marine x3  
  79  6:07  Medivac x2  
  81  6:11  SCV x2  
  81  6:14  Orbital Command  
  81  6:20  Marine x2  
  81  6:23  SCV x2  
  85  6:26  Marine x3  
  85  6:27  Siege Tank  
  91  6:35  SCV x2  
  91  6:36  Medivac  
  95  6:43  Marine x2  
  95  6:45  Barracks Reactor x2, Marine x2  
  95  6:46  Marine, SCV  
  101  6:48  Bunker  
  101  6:49  Terran Infantry Armor Level 1, Terran Infantry Weapons Level 1  
  101  6:51  Supply Depot  
  101  6:52  Supply Depot  
  101  6:53  Supply Depot  
  101  6:56  Supply Depot  
  101  7:00  Refinery, Supply Depot  
  101  7:12  Marine x4, SCV x3  
  101  7:13  Marine, Siege Tank  
  105  7:24  Marine x2, SCV x2  
  105  7:27  SCV  
  109  7:30  Marine  
  109  7:31  Marine x6, Refinery  
  109  7:33  Command Center  
  109  7:37  SCV x2  
  118  7:41  Combat Shield  
  118  7:42  Marine x2  
  120  7:45  Armory  
  120  7:48  Marine  
  120  7:49  Marine, Siege Tank  
  125  7:53  Marine, Factory  
  126  7:59  Marine x2  
  126  8:02  Medivac x2  
  131  8:06  SCV  
  131  8:07  SCV  
  131  8:11  Marine x2  
  134  8:14  SCV  
  134  8:15  Barracks  
  134  8:16  Marine, Supply Depot, Barracks  
  134  8:17  Barracks  
  134  8:18  Marine x2  
  134  8:19  SCV  
  139  8:24  Marine, Sensor Tower  
  140  8:27  Marine  
  140  8:34  Marine  
  140  8:38  Medivac x2, Siege Tank  
  140  8:39  Factory Tech Lab  
  140  8:40  Terran Vehicle Weapons Level 1  
  148  8:41  Supply Depot  
  148  8:44  SCV, Terran Infantry Armor Level 2  
  148  8:45  SCV x2  
  148  8:47  Marine x3  
  148  8:48  Marine x5  
  159  8:55  Terran Infantry Weapons Level 2  
  159  8:56  Marine, Supply Depot  
  159  9:02  Siege Tank  
  163  9:05  Marine x2  
  163  9:06  Marine  
  163  9:07  Marine  
  165  9:10  Siege Tank  
  165  9:14  SCV x2  
  170  9:22  Marine x4  
  170  9:24  Marine x2, Barracks Tech Lab x2  
  152  9:25  Marine x2  
  152  9:26  Marauder  
  152  9:28  Barracks Tech Lab  
  154  9:33  Supply Depot  
  154  9:38  Siege Tank  
  157  9:39  Marine  
  157  9:40  Marine x3  
  157  9:42  Marine x2, Siege Tank  
  157  9:43  Marine  
  157  9:44  Marine, Marauder x2  
  172  9:46  Marine  
  172  9:49  Marine  
  172  9:51  Supply Depot  
  174  9:57  Marine x2  
  176  10:01  Marine x3  
  176  10:04  Marine x2  
  176  10:05  Marauder x2  
  185  10:12  Siege Tank  
  183  10:27  Refinery, Ghost Academy  
  183  10:28  Viking x2  
  185  10:33  Planetary Fortress  
  185  10:34  Refinery  
  187  10:37  SCV, Missile Turret  
  187  10:38  SCV  
  187  10:39  Missile Turret  
  189  10:45  Marine x2  
  189  10:47  Siege Tank  
  196  11:00  Marine x2  
  196  11:01  Siege Tank  
  196  11:04  Missile Turret  
  196  11:05  Ghost x2  
  196  11:06  Marine x2, Ghost  
  197  11:25  Ghost  
  197  11:27  Siege Tank  
  194  11:33  Ghost  
  194  11:39  Marine x2  
  196  11:41  Command Center  
  196  11:43  Marine x2  
  196  11:44  Marine  
  196  11:45  Marine, Medivac  
  196  11:46  Marauder  
  195  11:47  Marine, Siege Tank  
  195  11:48  Marine, Marauder  
  195  11:53  Ghost  
  196  12:09  Terran Infantry Armor Level 3  
  196  12:10  Supply Depot  
  196  12:11  Supply Depot  
  196  12:14  Marine, Siege Tank  
  200  12:19  Marine x2  
  200  12:20  Viking  
  184  12:25  Ghost  
  184  12:27  Ghost  
  178  12:30  Ghost x2  
  178  12:31  Marine x2  
  178  12:37  Marine x2  
  174  12:48  Command Center  
  174  12:50  Marine x4  
  178  12:53  Ghost  
  178  12:57  Marauder  
  182  12:59  Ghost x2  
  182  13:00  Marine x4  
  190  13:15  Marine x4  
  190  13:18  Marauder  
  195  13:21  Marine  
  195  13:23  Marauder  
  188  13:28  Marauder x2  
  190  13:38  Marine  
  190  13:39  Marauder  
  192  13:44  Marauder  
  192  13:46  Marine x4  
  192  13:47  Medivac  
  200  13:53  Marine  
  200  13:54  Refinery  
  194  14:11  Siege Tank  
  194  14:12  Siege Tank  
  157  14:28  Marine x2  
  157  14:29  Marauder  
  139  14:33  Marine x2  
  139  14:34  Orbital Command, Marauder  
  139  14:35  Marine x4, Marauder  
  139  14:36  Marauder  
  139  14:37  Medivac x2  
  125  14:43  Siege Tank, Command Center  
  125  14:44  Command Center  
  128  14:46  Marine x2  
  128  14:47  Siege Tank  
  128  14:50  Marauder  
  128  14:51  Marine x2  
  137  14:53  Marine x4  
  137  14:55  Marauder  
  137  14:57  Marauder x2  
  137  15:04  Marine x2  
  128  15:09  Marine x2  
  128  15:11  Marine x4, Marauder  
  132  15:17  Marauder  
  132  15:18  Marine, Marauder  
  140  15:22  Marine x2  
  132  15:28  Marine x2  
  132  15:29  Marine  
Show
View Real Time Build Order
Export as new Build Order

Erik Zerg - Winner!

Build Orders: Hatch First, Lurkers, Roach Hydra 

Get SALT Encoding   

  12  0:00  Drone  
  13  0:12  Overlord  
  13  0:17  Drone  
  14  0:31  Drone x2  
  16  0:47  Hatchery  
  15  0:51  Drone  
  15  0:54  Drone  
  18  0:57  Drone  
  18  1:07  Extractor  
  17  1:12  Spawning Pool  
  17  1:15  Drone  
  17  1:18  Drone  
  18  1:27  Drone  
  19  1:38  Drone  
  20  1:49  Drone  
  21  1:59  Queen x2  
  21  2:00  Zergling x4  
  27  2:13  Hatchery  
  26  2:17  Overlord  
  26  2:19  Drone  
  27  2:23  Drone  
  28  2:31  Metabolic Boost  
  27  2:39  Drone x3  
  27  2:43  Queen  
  32  2:49  Overlord  
  32  2:52  Drone  
  32  2:54  Drone  
  32  2:57  Drone  
  35  3:08  Overlord  
  35  3:09  Drone x4  
  39  3:14  Drone  
  39  3:19  Drone  
  41  3:24  Queen  
  41  3:26  Queen  
  45  3:28  Drone x2  
  45  3:31  Drone  
  48  3:35  Roach Warren  
  48  3:40  Drone x3  
  50  3:43  Drone x2  
  50  3:47  Overlord  
  52  3:49  Drone  
  52  3:53  Drone  
  52  3:55  Drone x3  
  57  4:01  Overlord  
  57  4:03  Overlord  
  57  4:06  Zergling x4  
  59  4:11  Extractor  
  58  4:20  Overlord  
  58  4:21  Roach x3  
  58  4:22  Zergling x2  
  65  4:27  Lair, Drone  
  65  4:30  Extractor, Drone  
  66  4:33  Drone  
  66  4:38  Drone x4  
  71  4:39  Extractor  
  71  4:42  Spore Crawler  
  71  4:44  Spore Crawler  
  68  4:45  Spore Crawler  
  68  4:46  Drone x5  
  68  4:52  Zergling x4  
  74  4:55  Overlord  
  74  4:58  Drone x3  
  77  5:07  Drone, Evolution Chamber x2  
  77  5:08  Drone x4  
  77  5:14  Drone  
  81  5:19  Extractor, Drone x5  
  81  5:20  Extractor  
  84  5:27  Overlord  
  84  5:28  Glial Reconstitution  
  84  5:31  Overseer  
  84  5:33  Zerg Ground Armor Level 1, Zerg Missile Weapons Level 1  
  84  5:34  Drone  
  84  5:35  Hatchery  
  89  5:42  Drone x5  
  87  5:50  Overlord x2  
  87  5:55  Drone x9  
  96  5:59  Hatchery  
  96  6:01  Drone  
  96  6:03  Drone  
  92  6:07  Drone  
  93  6:16  Infestation Pit  
  93  6:18  Queen  
  90  6:22  Roach x4  
  100  6:26  Pneumatized Carapace  
  100  6:32  Overlord x3  
  100  6:36  Roach  
  102  6:43  Roach  
  102  6:44  Roach  
  106  6:51  Spore Crawler  
  106  6:52  Roach x3  
  111  6:55  Roach  
  111  6:56  Roach x3  
  111  7:00  Ravager x3  
  122  7:02  Roach x3  
  128  7:11  Overlord x2  
  128  7:20  Overlord  
  124  7:25  Overlord  
  124  7:26  Pathogen Glands  
  124  7:27  Extractor, Hive  
  124  7:28  Extractor, Zerg Missile Weapons Level 2  
  124  7:29  Zerg Melee Weapons Level 1  
  122  7:32  Zergling x12  
  122  7:34  Zergling x4  
  122  7:35  Overlord x3  
  130  7:38  Ravager  
  130  7:39  Roach x5  
  141  7:48  Drone x4  
  145  7:54  Drone x2  
  145  7:55  Spore Crawler  
  146  8:03  Infestor x4, Hydralisk Den  
  151  8:19  Overlord  
  151  8:21  Roach x4  
  151  8:22  Roach  
  151  8:23  Zergling x14  
  168  8:30  Overlord x2  
  168  8:37  Muscular Augments  
  168  8:39  Lurker Den, Hydralisk x5  
  181  8:43  Viper x2  
  181  8:46  Overseer  
  183  8:51  Burrow  
  183  8:54  Queen  
  185  9:06  Hatchery  
  183  9:10  Overlord  
  178  9:26  Drone x8  
  186  9:35  Zerg Ground Armor Level 2  
  186  9:37  Hatchery, Seismic Spines  
  185  9:40  Lurker x4  
  185  9:41  Lurker  
  185  9:44  Zerg Melee Weapons Level 2  
  190  9:49  Grooved Spines  
  190  9:50  Overlord  
  190  9:52  Hydralisk x5  
  186  10:28  Lurker x5  
  187  10:31  Roach x18  
  187  10:36  Hydralisk x5  
  187  10:37  Hydralisk  
  187  10:41  Overlord  
  199  10:45  Adaptive Talons  
  199  10:48  Zergling x2  
  197  11:18  Hydralisk x14  
  199  11:32  Zergling x2  
  196  11:53  Overseer, Roach x5  
  192  11:59  Drone x8  
  192  12:00  Adrenal Glands  
  200  12:02  Zerg Ground Armor Level 3, Zerg Melee Weapons Level 3  
  200  12:04  Extractor  
  200  12:05  Extractor  
  181  12:25  Zergling x54  
  165  12:40  Lurker x4  
  165  12:42  Viper  
  165  12:43  Viper  
  175  12:45  Hydralisk x9  
  175  12:50  Overseer  
  190  12:59  Spore Crawler x2  
  185  13:12  Zergling x2  
  184  13:13  Zergling x28  
  180  13:34  Lurker x9  
  168  13:37  Infestor x3  
  168  13:39  Hydralisk x3  
  168  13:40  Hydralisk  
  182  13:43  Zergling x20  
  182  13:44  Zergling x2  
  193  13:52  Zergling x10  
  190  14:03  Hatchery  
  190  14:07  Zergling x4  
  190  14:08  Zergling x12  
  191  14:11  Overseer x2  
  144  14:32  Hydralisk  
  144  14:33  Hydralisk x14  
  174  14:47  Hydralisk x8  
  183  15:04  Zergling x18  
  185  15:08  Queen  
  187  15:19  Zergling x20  
  183  15:29  Zergling x10  

Tags
 
Add a new tag
Caveats
  • Supply blocks, unpowered buildings, or Contaminate may cause inaccurate times.
  • Supply counts are checked every 10 seconds.